 Dungeon Crawl Stone Soup version 0.30-b1-2-g02819fbbbe (webtiles) character file.

Game seed: 1784503293149653229

698 LLlMATKO the Trooper (level 7, -18/63 HPs)
             Began as a Minotaur Berserker on Nov 28, 2023.
             Was a Believer of Trog.
             Engulfed by a cloud of flame (21 damage)
             ... on level 5 of the Dungeon.
             The game lasted 00:03:03 (3541 turns).

LLlMATKO the Trooper (Minotaur Berserker)           Turns: 3541, Time: 00:03:04

Health: -18/63     AC:  9    Str: 23    XL:     7   Next: 38%
Magic:  6/6        EV: 10    Int:  4    God:    Trog [**....]
Gold:   155        SH:  0    Dex: 10    Spells: 6/6 levels left

rFire   . . .        a - +0 hand axe
rCold   . . .        (no shield)
rNeg    . . .        q - +0 chain mail
rPois   .            (helmet restricted)
rElec   .            (no cloak)
rCorr   .            (no gloves)
SInv    +            (no boots)
Will    .....        (no amulet) Stlth
                     k - ring of see invisible
HPRegen 0.30/turn    (no ring)
MPRegen 0.10/turn

%: no passive effects
@: lethally poisoned (-18 -> -27)
A: horns 2, retaliatory headbutt
a: Renounce Religion, Berserk, Trog's Hand


You were on level 5 of the Dungeon.
You worshipped Trog.
Trog was pleased with you.
You visited 1 branch of the dungeon, and saw 5 of its levels.

You collected 155 gold pieces.

Inventory:

Hand Weapons
 a - a +0 hand axe (weapon)
Missiles
 o - 2 poisoned darts (quivered)
Armour
 q - a +0 chain mail (worn)
Jewellery
 k - a ring of see invisible (left hand)
 w - a ring of positive energy
Scrolls
 c - a scroll of teleportation
 f - 3 scrolls of identify
 l - a scroll of immolation
 n - a scroll of noise {unknown}
 r - a scroll of magic mapping {unknown}
 s - a scroll of enchant armour {unknown}
 t - a scroll of silence {unknown}
 v - a scroll of acquirement {unknown}
Potions
 b - a potion of lignification {unknown}
 d - a potion of flight {unknown}
 i - 4 potions of ambrosia
 j - 2 potions of degeneration {unknown}
 m - 5 potions of might {unknown}
 p - a potion of curing {unknown}
 u - a potion of cancellation {unknown}


   Skills:
 + Level 6.0 Fighting
 + Level 6.0 Axes
 + Level 5.4 Armour
 + Level 4.9 Dodging


You had 6 spell levels left.
You didn't know any spells.
Your spell library was empty.

Dungeon Overview and Level Annotations

Branches:
Dungeon (5/15)
 Temple: D:4-7

Altars:
Ashenzari
Hepliaklqana
Okawaru
Sif Muna
The Shining One

Shops:
D:4 :


Innate Abilities, Weirdness & Mutations

You have a pair of horns on your head.
You reflexively headbutt those who attack you in melee.


Message History

As you read the scroll labelled TES ZOSHYITRUD, it crumbles to dust.
It was a scroll of poison.
As you read the scroll labelled BUFAYP SOC AKHID, it crumbles to dust.
Wisps of shadow whirl around you...
It was a scroll of summoning.
As you read the scroll labelled COCOOV SUILAHOWIN, it crumbles to dust.
The creatures around you are filled with an inner flame!
It was a scroll of immolation.
Unknown command.
Your dart slug is engulfed in poison gas.
Your dart slug is poisoned.
Your dart slug's corpse dissolves into shadows!
Your dart slug explodes!
The fiery explosion engulfs your white imp!!
Your white imp is burned terribly!
Your white imp dissolves into shadows!
Your white imp explodes!
The fiery explosion engulfs you!
Your dart slug is engulfed in poison gas.
Your dart slug is poisoned.
Your dart slug's corpse dissolves into shadows!
Your dart slug explodes!
Unknown command.
Unknown command.
Unknown command.
Unknown command.
Really walk into that cloud of poison gas?
You are engulfed in poison gas.
You are poisoned.
You feel very sick.
Things that are here:
a +0 flail; 3 boomerangs Really walk into that cloud of flame? [Y]es or [N]o only, please.
Really walk into that cloud of flame? [Y]es or [N]o only, please.
Really walk into that cloud of flame?
You are engulfed in blazing flames.
* * * LOW HITPOINT WARNING * * *
x2 You feel very sick.
There is a stone staircase leading up, spattered with blood here.
You are engulfed in blazing flames.
You die...

##...##
#☼§§§.#
#§§§☼.# ..
#§§§☼. ...
#§§§#
..§☼##§§§##
..☼§☼§§§§§#
..§§§§§§§@#
..§§§§§☼§§#
..§☼☼☼§☼☼§#
..§§§§☼§§§#
..☼§§§§§☼§#
######§§§##
#§§☼# §§§§.
......


There were no monsters in sight!

Vanquished Creatures
  2 black bears
  A phantom (D:5)
  A howler monkey (D:5)
  A crimson imp (D:3)
  Natasha (thrice) (D:2)
  Terence (D:3)
  An orc wizard (D:4)
  9 gnolls
  7 adders
  A white imp (D:5)
  An ufetubus (D:4)
  A dart slug (D:2)
  8 orcs
  4 endoplasms
  4 giant cockroaches
  2 hobgoblins (D:4)
  6 quokkas
  4 ball pythons
  7 bats
  4 frilled lizards
  7 goblins
  2 goblin skeletons (D:3)
  2 goblin zombies (D:3)
  5 kobolds
  2 kobold skeletons (D:3)
  An orc skeleton (D:3)
  An orc zombie (D:3)
  3 rats
91 creatures vanquished.

Vanquished Creatures (others)
  3 fungi (D:2)
  4 plants (D:2)
7 creatures vanquished.

Grand Total: 98 creatures vanquished

Notes
Turn   | Place    | Note
-------+----------+-------------------------------------------
     0 | D:1      | LLlMATKO the Minotaur Berserker began the quest for the
                  | Orb.
     0 | D:1      | Reached XP level 1. HP: 19/19 MP: 0/0
   292 | D:1      | Reached XP level 2. HP: 21/27 MP: 1/1
   847 | D:2      | Noticed Natasha
   858 | D:2      | Killed Natasha
   859 | D:2      | Reached XP level 3. HP: 13/33 MP: 2/2
  1014 | D:2      | Noticed Natasha
  1026 | D:2      | Killed Natasha
  1027 | D:2      | Reached XP level 4. HP: 15/41 MP: 3/3
  1146 | D:2      | Found a faded altar of an unknown god.
  1392 | D:2      | Noticed Natasha
  1404 | D:2      | Killed Natasha
  1785 | D:3      | Reached XP level 5. HP: 47/47 MP: 4/4
  1803 | D:3      | Found a glowing golden altar of the Shining One.
  1811 | D:3      | Reached ** piety under Trog
  2100 | D:3      | Reached skill level 5 in Fighting
  2185 | D:3      | Noticed Terence
  2193 | D:3      | Killed Terence
  2194 | D:3      | Reached skill level 5 in Axes
  2401 | D:3      | Reached XP level 6. HP: 51/56 MP: 5/5
  2513 | D:4      | Found a hazy altar of Hepliaklqana.
  2702 | D:4      | Found Xockoxen's Book Shop.
  3167 | D:4      | Found a broken altar of Ashenzari.
  3168 | D:4      | Found a shimmering blue altar of Sif Muna.
  3170 | D:4      | Found an iron altar of Okawaru.
  3454 | D:5      | Entered Level 5 of the Dungeon
  3502 | D:4      | Reached skill level 5 in Armour
  3503 | D:4      | Reached XP level 7. HP: 39/62 MP: 6/6
  3540 | D:5      | HP: 3/63 [poisoned by you (poison gas)]
  3541 | D:5      | Engulfed by a cloud of flame

Illustrated notes

Levels and vault maps discovered:
D:1:      psy_arrival_basics, layout_loops_ring
D:2:      layout_basic, shapermc_ecumenical_altar_mp_ritualfount, uniq_natasha
D:3:      layout_basic, nicolae_tso_besieged_by_evil, item_on_display_a,
          uniq_terence
D:4:      layout_loops_corners, mainiacjoe_overflow_catwalk, minitemple,
          serial_shops, shop, minmay_crossroads
D:5:      layout_gridville, amcnicky_altar_gilded, gup_sewer_entry_bowl,
          grunt_ministairs_8, dreamdust_princess_corridor

Skill      XL: |  1  2  3  4  5  6  7 |
---------------+----------------------+-----
Fighting       | 4 5 6 |  6.0
Axes           | 4 5 6 |  6.0
Armour         | 3 4 5 |  5.4
Dodging        | 3 4 |  4.9

Action                     |  1- 3 |  4- 6 |  7- 9 || total
---------------------------+-------+-------+-------++-------
  Melee: Hand axe          |    61 |   124 |    16 ||   201
         Headbutt          |     5 |    16 |     6 ||    27
         Punch             |       |     1 |       ||     1
 Invoke: Berserk           |     2 |     4 |       ||     6
    Use: Scroll            |       |     1 |     5 ||     6
   Stab: Sleeping          |     1 |       |       ||     1
 Armour: Animal skin       |     7 |    11 |       ||    18
         Chain mail        |       |    32 |    19 ||    51
  Dodge: Dodged            |    46 |    85 |     8 ||   139
